 Dungeon Sprint DCSS version 0.21-a0-351-g38363bb (webtiles) character file.

1997 Kidiri the Fighter (level 9, -5/90 HPs)
             Began as a Green Draconian Gladiator on Oct 9, 2017.
             Was a High Priest of Trog.
             Killed from afar by a rime drake (27 damage)
             ... with a flash freeze
             ... in the Dungeon (Sprint V: "Ziggurat Sprint").
             The game lasted 00:03:31 (924 turns).

Kidiri the Fighter (Green Draconian Gladiator)       Turns: 924, Time: 00:03:31

Health: -5/90      AC: 10    Str: 31    XL:     9   Next: 2%
Magic:  9/9        EV: 19    Int: 10    God:    Trog [*****.]
Gold:   0          SH:  0    Dex: 15    Spells: 8/8 levels left

rFire    . . .     SeeInvis .   a - +10 dark maul {crush}
rCold    . . .     Gourm    .   (shield currently unavailable)
rNeg     . . .     Faith    .   (armour unavailable)
rPois    +         Spirit   .   b - +0 hat
rElec    .         Reflect  .   (no cloak)
rCorr    .         Harm     .   t - +2 pair of gloves {Dex+3}
MR       .....     NoTele   +   (no boots)
Stlth    +.........             (no amulet)
HPRegen  0.25/turn              p - +6 ring of strength
MPRegen  0.11/turn              q - +6 ring of strength

@: no status effects
A: breathe noxious fumes, unfitting armour, poison resistance, cold-blooded, AC
+7
a: Breathe Noxious Fumes, Berserk, Trog's Hand, Brothers in Arms, Burn
Spellbooks, Renounce Religion


You were in the Dungeon.
You worshipped Trog.
Trog was extremely pleased with you.
You were very full.

You visited 1 branch

Inventory:

Hand Weapons
 a - the +10 dark maul (weapon) {crush}
   (You found it in the Dungeon)

   It inflicts extra damage upon your enemies.
Missiles
 c - 3 throwing nets (quivered)
 E - 4 needles of confusion
Armour
 b - a +0 hat (worn)
 t - a +2 pair of gloves of dexterity (worn)
Jewellery
 p - a +6 ring of strength (left hand)
 q - a +6 ring of strength (right hand)
 F - the ring "Toenacre" {rCorr rF+}
   (You found it in the Dungeon)

   [ring of resist corrosion]

   It protects you from fire.
Wands
 k - a wand of disintegration (7/24)
 l - a wand of iceblast (5/15)
 m - a wand of lightning (5/15)
 n - a wand of acid (5/15)
Scrolls
 j - 4 scrolls of blinking
 w - 3 scrolls of recharging
 x - 7 scrolls of fog
 y - a scroll of holy word
 z - 5 scrolls of identify
 A - 5 scrolls of remove curse
 B - 2 scrolls of fear
Potions
 e - 10 potions of curing
 f - 8 potions of heal wounds
 g - 6 potions of haste
 h - 7 potions of magic
 i - 3 potions of berserk rage
 o - 2 potions of brilliance
 r - 2 potions of invisibility
 s - 4 potions of resistance
 u - 5 potions of agility
 v - 5 potions of might
Comestibles
 d - 5 bread rations
 C - 32 fruits
 D - 4 meat rations
 G - a chunk of flesh


   Skills:
 * Level 11.9 Fighting
 * Level 11.3 Maces & Flails
 + Level 7.4 Throwing
 * Level 10.4 Dodging


You had 8 spell levels left.
You didn't know any spells.

Dungeon Overview and Level Annotations

Branches:
Dungeon (1/1)

Altars:
Ashenzari
Cheibriados
Dithmenos
Elyvilon
Fedhas
Gozag
Hepliaklqana
Kikubaaqudgha
Makhleb
Nemelex Xobeh
Okawaru
Qazlal
Ru
Sif Muna
Trog
Uskayaw
Vehumet
Wu Jian
Xom
Yredelemnul
Zin
The Shining One
Beogh
Jiyva
Lugonu

Annotations:
D 1 transporter


Innate Abilities, Weirdness & Mutations

You can breathe blasts of noxious fumes.
Your lurid green scales are hard. (AC +7)
You cannot fit into any form of body armour.
Your system is resistant to poisons. (rPois)
You are cold-blooded and may be slowed by cold attacks.


Message History

The steam dragon barely misses you. The steam dragon closely misses you.
The steam dragon bites you but does no damage.
The steam dragon barely misses you.
Unknown command.
You bludgeon the steam dragon!!
You kill the steam dragon!
Trog accepts your kill.
You have reached level 9!
Your experience leads to an increase in your attributes!
Your base attributes are Str 18, Int 10, Dex 12.
Increase (S)trength, (I)ntelligence, or (D)exterity?
You feel stronger.
Your scales feel tougher.
The steam dragon bites you.
* * * LOW HITPOINT WARNING * * *
The steam dragon misses you. The rime drake bites you.
* * * LOW HITPOINT WARNING * * *
The steam dragon barely misses you. The steam dragon misses you.
The rime drake breathes ice at you. The flash freeze hits you!
You die...

▓.▓....▓.▓.▓....▓.▓
▓...©....▓...©....▓
▓▓▓▓▓▓▓▓▓▓▓▓▓▓▓▓▓▓▓
▓..8©8..▓ ▓...))..▓
▓..%))..▓ ▓.......▓
▓..Dk...▓ ▓...@§§.▓
▓...§(..▓ ▓.▓.§.▓.▓
▓...§...▓ ▓▓▓▓▓▓▓▓▓


You could see a rime drake and a steam dragon.

Vanquished Creatures
  A cyclops (D)
  A rime drake (D)
  An ancient zyme (D)
  A troll (D)
  2 steam dragons (D)
  2 porcupines (D)
  2 ogres (D)
  2 crimson imps (D)
  A quasit (D)
  2 iron imps (D)
  4 river rats (D)
  An ufetubus (D)
  A jackal (D)
21 creatures vanquished.

Vanquished Creatures (others)
  A wyvern (D)
1 creature vanquished.

Grand Total: 22 creatures vanquished

Notes
Turn   | Place    | Note
-------+----------+-------------------------------------------
     0 | D        | Found the +6 Majin-Bo {vamp, Archmagi MP+6 Int+6}
     0 | D        | Found the +7 great mace "Firestarter" {inner flame, rF++}
     0 | D        | Kidiri the Draconian Gladiator began the quest for the Orb.
     0 | D        | Reached XP level 1. HP: 17/17 MP: 1/1
     0 | D        | Found a deep blue altar of Sif Muna.
     0 | D        | Found a bloodstained altar of Trog.
     0 | D        | Found a sacrificial altar of Ru.
     0 | D        | Found a stormy altar of Qazlal.
     0 | D        | Found an iron altar of Okawaru.
    12 | D        | Became a worshipper of Trog the Wrathful
    18 | D        | Found a sparkling altar of Nemelex Xobeh.
    19 | D        | Found a corrupted altar of Lugonu.
    19 | D        | Found a burning altar of Makhleb.
    19 | D        | Found an ancient bone altar of Kikubaaqudgha.
    19 | D        | Found a transporter.
    19 | D        | Found a viscous altar of Jiyva.
    25 | D        | Found the +6 shillelagh "Devastator" {shatter}
    25 | D        | Found the +11 plutonium sword {*Contam Stlth-}
    25 | D        | Found the +8 lance "Wyrmbane" {slay drac, rPois rF+ rC+ AC+3}
    25 | D        | Found the +9 sword of Zonguldrok {reap}
    25 | D        | Found the cursed +13 scythe of Curses {drain, *Curse}
    25 | D        | Found the +0 sword of Power
    25 | D        | Found the -2 mace of Variability {chaos}
    25 | D        | Found the +7 Singing Sword
    25 | D        | Found the +7 longbow "Piercer" {penet, EV-2}
    25 | D        | Found a hazy altar of Hepliaklqana.
    26 | D        | Found the +9 heavy crossbow "Sniper" {velocity, Acc+∞ SInv}
    26 | D        | Found the +10 dark maul {crush}
    26 | D        | Found the +15 Maxwell's patent armour {-Cast -Tele rElec MR+ rCorr}
    26 | D        | Found the +18 shield of the Gong {rElec rN+ MR+ EV-5}
    26 | D        | Found the cursed +14 obsidian axe {chop, +Fly SInv *Curse}
    45 | D        | Found a blossoming altar of Fedhas.
    47 | D        | Found an opulent altar of Gozag.
    64 | D        | Reached XP level 2. HP: 28/28 MP: 2/2
    74 | D        | Entered arena 2.
    74 | D        | Noticed a porcupine
    74 | D        | Found a transporter.
    75 | D        | Reached * piety under Trog
    76 | D        | Reached skill level 5 in Fighting
    76 | D        | Reached skill level 5 in Maces & Flails
    78 | D        | Killed a porcupine
    78 | D        | Reached skill level 5 in Dodging
    78 | D        | Reached XP level 3. HP: 8/38 MP: 3/3
    78 | D        | Reached XP level 4. HP: 10/45 MP: 4/4
   308 | D        | Entered arena 3.
   308 | D        | Found a transporter.
   309 | D        | Reached ** piety under Trog
   312 | D        | Reached XP level 5. HP: 47/52 MP: 5/5
   314 | D        | Reached *** piety under Trog
   470 | D        | Entered arena 4.
   470 | D        | Noticed an ogre
   470 | D        | Noticed a troll
   470 | D        | Noticed an ogre
   470 | D        | Noticed a cyclops
   470 | D        | Found a transporter.
   471 | D        | Received a gift from Trog
   474 | D        | Killed an ogre
   474 | D        | Reached **** piety under Trog
   474 | D        | Reached XP level 6. HP: 61/61 MP: 6/6
   476 | D        | Killed a cyclops
   476 | D        | Reached skill level 5 in Throwing
   476 | D        | Your scales start taking on a lurid green colour.
   476 | D        | Reached XP level 7. HP: 71/71 MP: 7/7
   476 | D        | Gained mutation: Your system is resistant to poisons. (rPois) [Green Draconian growth]
   479 | D        | Killed a troll
   479 | D        | Reached skill level 10 in Fighting
   724 | D        | Entered arena 5.
   724 | D        | Noticed an ancient zyme
   724 | D        | Found a transporter.
   725 | D        | Reached ***** piety under Trog
   727 | D        | Received a gift from Trog
   728 | D        | Killed an ancient zyme
   728 | D        | Reached skill level 10 in Maces & Flails
   728 | D        | Reached XP level 8. HP: 81/81 MP: 8/8
   738 | D        | Got the ring "Toenacre" {rCorr rF+}
   781 | D        | Entered arena 6.
   781 | D        | Found a transporter.
   782 | D        | Received a gift from Trog
   912 | D        | Entered arena 7.
   912 | D        | Noticed a rime drake
   912 | D        | Noticed a rime drake
   913 | D        | Received a gift from Trog
   916 | D        | Found a transporter.
   919 | D        | Killed a rime drake
   919 | D        | Received a gift from Trog
   919 | D        | Reached skill level 10 in Dodging
   924 | D        | Reached XP level 9. HP: 27/90 MP: 9/9
   924 | D        | Killed from afar by a rime drake

Vault maps used:
D:        sprint_v

Skill      XL: |  1  2  3  4  5  6  7  8 |
---------------+-------------------------+-----
Fighting       | 4 6 7 8 9 10 11 | 11.9
Maces & Flails | 4 6 7 9 10 11 | 11.3
Throwing       | 3 4 5 6 7 |  7.4
Dodging        | 4 5 6 7 8 9 10 | 10.4

Action                   |  1- 3 |  4- 6 |  7- 9 || total
-------------------------+-------+-------+-------++-------
Melee: Maul              |     3 |     8 |    22 ||    33
       Tailslap          |       |       |     4 ||     4
Invok: Burn Spellbooks   |     1 |     2 |     3 ||     6
       Berserk           |       |     1 |       ||     1
 Abil: Breathe Noxious F |       |       |     1 ||     1
  Use: Potion            |     1 |     1 |     1 ||     3
 Stab: Confused          |       |       |     1 ||     1
  Eat: Fruit             |       |       |    10 ||    10
Armor: Skin              |       |     8 |     7 ||    15
Dodge: Dodged            |     3 |    17 |    65 ||    85

Table legend:
 A = Spawn XP
 B = Non-spawn XP
 C = Spawn XP percentage of total XP
 D = Spawn monster count
 E = Non-spawn monster count
 F = Spawn count percentage of total count
 G = Total turns spent on level
                    A         B        C        D         E        F      G
               +---------+---------+-------+---------+---------+-------+---------
         Total |       0 |    2842 |   0.0 |       0 |      22 |   0.0 |   924
               +---------+---------+-------+---------+---------+-------+---------
             D |       0 |    2842 |   0.0 |       0 |      22 |   0.0 |   924
               +---------+---------+-------+---------+---------+-------+---------
